 Dungeon Crawl Stone Soup version 0.20-a0-1126-g0f15420 (webtiles) character file.

511 Alarkh the Chopper (level 6, -2/44 HPs)
             Began as a Demonspawn Skald on May 17, 2017.
             Was an Initiate of Okawaru.
             Slain by a centaur (8 damage)
             ... on level 5 of the Dungeon.
             The game lasted 00:09:15 (7746 turns).

Alarkh the Chopper (Demonspawn Skald)               Turns: 7746, Time: 00:09:16

Health: -2/44      AC:  5    Str: 11    XL:     6   Next: 99%
Magic:  7/9        EV: 12    Int: 22    God:    Okawaru [......]
Gold:   130        SH:  0    Dex: 12    Spells: 2/9 levels left

rFire    + . .     SeeInvis .   a - +0 hand axe
rCold    . . .     Gourm    .   (no shield)
rNeg     . . .     Faith    .   b - +0 leather armour
rPois    .         Spirit   .   g - +1 helmet
rElec    .         Reflect  .   (no cloak)
rCorr    .         Harm     .   (no gloves)
MR       .....                  (no boots)
Stlth    +++.......             (no amulet)
Regen    0.2/turn               m - ring of wizardry (curse)
MPRegen  0.2/turn               (no ring)

@: brilliant
A: hooves 2, fire resistance 1, nightstalker 2, sturdy frame 1
a: Renounce Religion


You were on level 5 of the Dungeon.
You worshipped Okawaru.
Okawaru was noncommittal.
You were not hungry.

You visited 2 branches of the dungeon, and saw 6 of its levels.

You collected 130 gold pieces.

Inventory:

Hand Weapons
 a - a +0 hand axe (weapon)
Armour
 b - a +0 leather armour (worn)
 g - a +1 helmet (worn)
Jewellery
 m - a cursed ring of wizardry (left hand)
Scrolls
 e - a scroll of identify
 i - 3 scrolls of remove curse
 j - a scroll of magic mapping {unknown}
 o - a scroll of amnesia {unknown}
 p - a scroll of recharging {unknown}
 q - a scroll of immolation {unknown}
 t - a scroll of enchant armour {unknown}
Books
 c - a book of Battle

   Spells                             Type                      Level
   a - Infusion                       Charms                       1
   b - Shroud of Golubria             Charms/Translocation         2
   c - Song of Slaying                Charms                       2
   d - Spectral Weapon                Hexes/Charms                 3
   e - Regeneration                   Charms/Necromancy            3
Comestibles
 d - 2 bread rations
 l - 2 royal jellies


   Skills:
 - Level 2.0 Fighting
 + Level 6.9 Axes
 - Level 0.8 Armour
 - Level 1.7 Dodging
 - Level 2.0 Spellcasting
 - Level 2.6 Charms


You had 2 spell levels left.
You knew the following spells:

 Your Spells              Type           Power        Failure   Level  Hunger
a - Spectral Weapon       Hex/Chrm       ###.....     3%          3    ###....
c - Infusion              Chrm           ####         1%          1    #......
e - Regeneration          Chrm/Necr      ###.......   3%          3    ###....


Dungeon Overview and Level Annotations

Branches:
Dungeon (5/15)             Temple (1/1) D:4

Altars:
Ashenzari
Elyvilon
Fedhas
Hepliaklqana
Kikubaaqudgha
Makhleb
Nemelex Xobeh
Okawaru
Qazlal
Ru
Sif Muna
Uskayaw
Xom
Yredelemnul
The Shining One

Annotations:
D:3 Natasha
D:5 PeterMcNeter's ghost, novice DrGl


Innate Abilities, Weirdness & Mutations

Your flesh is heat resistant. (rF+)
You are significantly more attuned to the shadows.
Your movements are slightly less encumbered by armour. (ER -2)
You have hoof-like feet.


Message History

The centaur hits you. The centaur misses you.
You closely miss the centaur. Your kick misses the centaur.
The centaur is lightly wounded.
The centaur hits you!
You hit the centaur but do no damage.
The centaur is moderately wounded.
* * * LOW HITPOINT WARNING * * *
Unknown command.
You hit the centaur. Your kick misses the centaur.
The centaur is heavily wounded.
The centaur closely misses you. The centaur hits you.
* * * LOW HITPOINT WARNING * * *
Unknown command.
You hit the centaur. Your kick misses the centaur.
The centaur is almost dead.
The centaur barely misses you.
You barely miss the centaur.
The centaur is almost dead.
The centaur closely misses you. The centaur hits you!
You die...

....?...
..........
.....<..
.........
.....W.#
............
.......#
.)......>...
........
.....#......
........
#.#..#<.....
........
....<#......
#.#..@......
....(c......
###.%.......
......#....
###....#####
.#####


You could see a centaur and a friendly spectral hand axe.

Vanquished Creatures
  A phantom (D:2)
  The ghost of zhorgal the Chopper, a weakling HOFi (D:3)
  A bullfrog skeleton (D:4)
  A bullfrog zombie (D:3)
  An orc priest (D:3)
  4 orc wizards (D:3)
  Robin (D:2)
  5 adders
  An ooze (D:1)
  4 worms
  4 dart slugs
  2 leopard geckos
  9 orcs
  10 bats
  7 giant cockroaches
  13 hobgoblins
  5 jackals (D:1)
  2 quokkas
  A ball python (D:1)
  7 frilled lizards
  15 goblins
  6 kobolds
  6 rats
  A spectral weapon (D:3)
108 creatures vanquished.

Vanquished Creatures (others)
  3 spectral weapons (D:3)
3 creatures vanquished.

Grand Total: 111 creatures vanquished

Notes
Turn   | Place    | Note
-------+----------+-------------------------------------------
     0 | D:1      | Alarkh the Demonspawn Skald began the quest for the Orb.
     0 | D:1      | Reached XP level 1. HP: 16/16 MP: 3/3
    65 | D:1      | Reached skill level 2 in Axes
   176 | D:1      | Gained mutation: Your movements are slightly less encumbered by armour. (ER -2) [demonic ancestry]
   176 | D:1      | Reached XP level 2. HP: 21/22 MP: 5/5
   750 | D:1      | Reached skill level 3 in Axes
  1059 | D:1      | Reached XP level 3. HP: 17/27 MP: 1/6
  1283 | D:2      | Learned a level 3 spell: Regeneration
  1372 | D:2      | Noticed a hand axe
  1373 | D:2      | Noticed a hand axe
  1374 | D:2      | Found a hide-covered altar of Uskayaw.
  1531 | D:2      | Noticed Robin
  1692 | D:1      | Gained mutation: You have large cloven feet. [potion of mutation]
  1692 | D:1      | Gained mutation: You have hoof-like feet. [potion of mutation]
  2146 | D:1      | Gained mutation: Your flesh is heat resistant. (rF+) [demonic ancestry]
  2146 | D:1      | Reached XP level 4. HP: 19/33 MP: 7/7
  2308 | D:2      | Killed Robin
  2308 | D:2      | Reached skill level 4 in Axes
  2541 | D:2      | Found a shattered altar of Ashenzari.
  2974 | D:2      | Found a glowing golden altar of the Shining One.
  3028 | D:2      | Noticed a phantom
  3254 | D:1      | Learned a level 3 spell: Spectral Weapon
  3354 | D:2      | Killed a phantom
  3354 | D:2      | Reached skill level 5 in Axes
  3354 | D:2      | Gained mutation: You are slightly more attuned to the shadows. [demonic ancestry]
  3354 | D:2      | Reached XP level 5. HP: 34/38 MP: 5/8
  3545 | D:3      | Noticed zhorgal's ghost (weakling HOFi)
  3854 | D:3      | Killed zhorgal's ghost
  4448 | D:3      | Gained mutation: You are significantly more attuned to the shadows. [demonic ancestry]
  4448 | D:3      | Reached XP level 6. HP: 24/44 MP: 5/9
  4475 | D:3      | Reached skill level 6 in Axes
  5773 | D:3      | Noticed Natasha
  6692 | D:5      | Entered Level 5 of the Dungeon
  6692 | D:5      | Noticed PeterMcNeter's ghost (novice DrGl)
  6782 | D:4      | Found a staircase to the Ecumenical Temple.
  6979 | Temple   | Entered the Ecumenical Temple
  7169 | Temple   | Became a worshipper of Warmaster Okawaru
  7746 | D:5      | Slain by a centaur

Vault maps used:
D:1:      evilmike_arrival_fibonacci_small, minmay_misc_feat_encased
D:2:      dancing_weapons_uskayaw, old_standard_altar, tso_altar, uniq_robin
D:3:      minmay_diamond_boxcup, uniq_natasha
D:4:      old_standard_altar, minmay_temple_entry_fiery
D:5:      minmay_goblin_kobold_castle, gammafunk_temple_overflow_pools,
          lemuel_crystal_altar, serial_shops,
          nicolae_shop_temple_entry_statues_fountains, first_bread,
          serial_glass, glass_columns_b, glass_columns_a, uniq_grinder
Temple:   nicolae_temple_figure_eight

Skill      XL: |  1  2  3  4  5  6 |
---------------+-------------------+-----
Axes           | 2 3 5 6 |  6.9
Fighting       | |  2.0
Armour         | |  0.8
Dodging        | |  1.7
Spellcasting   | |  2.0
Charms         | |  2.6

Action                   |  1- 3 |  4- 6 || total
-------------------------+-------+-------++-------
Melee: Hand axe          |   128 |   250 ||   378
       Kick              |     4 |    49 ||    53
 Cast: Infusion          |    10 |     5 ||    15
       Spectral Weapon   |       |    25 ||    25
       Regeneration      |       |     1 ||     1
  Use: Potion            |     1 |     9 ||    10
       Scroll            |       |     4 ||     4
 Stab: Distracted        |       |     2 ||     2
       Sleeping          |       |     5 ||     5
  Eat: Chunk             |     4 |    18 ||    22
       Meat ration       |       |     1 ||     1
Armor: Leather armour    |    36 |    73 ||   109
Dodge: Dodged            |    77 |   179 ||   256
